[ AOE2 MATCH · #474983601 ]
UnrankedPortuguese vs Huns
[ REPLAY ANALYSIS · EXTRACTED FROM THE RECORDED GAME ]
Feudal
17:12
Castle
25:59
Imperial
36:37
| APM avg | 16.6 |
| APM peak | 53 |
| eAPM avg | 10.3 |
| Villagers / military | 78 / 57 |
Focus
⚔️ 27.4% · 🌾 72.6%
Bombard Cannon ×41 · Trebuchet (Packed) ×12 · Spearman ×3 · Organ Gun ×1
Feudal
17:44
Castle
25:23
Imperial
47:42
| APM avg | 14.5 |
| APM peak | 59 |
| eAPM avg | 11.6 |
| Villagers / military | 244 / 504 |
Focus
⚔️ 31.2% · 🌾 68.8%
Knight ×310 · Teutonic Knight ×145 · Spearman ×36 · Trade Cart ×35 · Trebuchet (Packed) ×8 · Scout Cavalry ×5
Feudal
18:38
Castle
25:22
Imperial
39:03
| APM avg | 23.4 |
| APM peak | 61 |
| eAPM avg | 17.0 |
| Villagers / military | 200 / 516 |
Focus
⚔️ 27.5% · 🌾 72.5%
Archer ×237 · War Elephant ×179 · Skirmisher ×83 · Spearman ×17 · Trade Cart ×11
Feudal
16:56
Castle
29:39
Imperial
42:21
| APM avg | 15.3 |
| APM peak | 87 |
| eAPM avg | 11.1 |
| Villagers / military | 126 / 248 |
Focus
⚔️ 41.0% · 🌾 59.0%
Mangudai ×88 · Scorpion ×71 · Steppe Lancer ×65 · Scout Cavalry ×16 · Monk ×4 · Petard ×4
Feudal
17:04
Castle
32:15
Imperial
—
| APM avg | 7.5 |
| APM peak | 29 |
| eAPM avg | 5.1 |
| Villagers / military | 62 / 73 |
Focus
⚔️ 34.6% · 🌾 65.4%
Spearman ×25 · Scout Cavalry ×23 · Knight ×14 · Scorpion ×9 · Archer ×2
Feudal
—
Castle
—
Imperial
—
| APM avg | 37.0 |
| APM peak | 102 |
| eAPM avg | 14.0 |
| Villagers / military | 125 / 276 |
Focus
⚔️ 45.9% · 🌾 54.1%
Knight ×135 · Cavalry Archer ×73 · Spearman ×60 · Trebuchet (Packed) ×4 · Scout Cavalry ×3 · Monk ×1
Feudal
14:07
Castle
19:09
Imperial
44:47
| APM avg | 21.1 |
| APM peak | 64 |
| eAPM avg | 16.0 |
| Villagers / military | 136 / 351 |
Focus
⚔️ 49.0% · 🌾 51.0%
Spearman ×105 · Knight ×98 · Archer ×86 · Scout Cavalry ×33 · War Elephant ×18 · Trebuchet (Packed) ×8
Feudal
—
Castle
—
Imperial
—
| APM avg | 15.7 |
| APM peak | 63 |
| eAPM avg | 13.3 |
| Villagers / military | 140 / 107 |
Focus
⚔️ 50.7% · 🌾 49.3%
Unknown (2579) ×146 · Unknown (2550) ×118 · Spearman ×65 · Monk ×17 · Trebuchet (Packed) ×11 · Skirmisher ×8
Match map
Initial resources + every placement click. Lines = walls · curves = elevation contours. ◆ gold · ⬟ stone · ● berries · ✦ relic · ◌ wall gap
Your base· Open — unwalled flank
Sheelz's base· Open — unwalled flank
skipper's base· Open — unwalled flank
darklegend's base· Open — unwalled flank
phb.silva's base· Open — unwalled flank
NoobDeElite7101's base· Open — 13t gap
MANIACO DO PARQUE BARIGUI's base· Open — unwalled flank
alexsacmed's base· Open — unwalled flank
Smoothed initial terrain · ◌ = detected wall gap · hover for details
Inputs per minute
— JONWICK - - Sheelz
Build order — JONWICK
First 150 of 322 actions detected
| 2:03 | Build | Town Center |
| 4:55 | Build | House |
| 4:59 | Build | House |
| 5:13 | Create | Villager (Male) |
| 5:13 | Create | Villager (Male) |
| 5:14 | Create | Villager (Male) |
| 5:48 | Create | Villager (Male) |
| 6:36 | Create | Villager (Male) |
| 7:15 | Create | Villager (Male) |
| 8:04 | Create | Villager (Male) |
| 8:06 | Create | Villager (Male) |
| 8:56 | Build | Mining Camp |
| 9:00 | Create | Villager (Male) |
| 9:22 | Create | Villager (Male) |
| 9:27 | Build | House |
| 10:18 | Create | Villager (Male) |
| 10:22 | Create | Villager (Male) |
| 10:34 | Build | Mill |
| 10:41 | Create | Villager (Male) |
| 11:27 | Create | Villager (Male) |
| 11:30 | Create | Villager (Male) |
| 12:16 | Build | Farm |
| 12:17 | Build | Farm |
| 12:19 | Build | Farm |
| 12:36 | Build | Farm |
| 12:41 | Build | Farm |
| 12:47 | Create | Villager (Male) |
| 13:27 | Build | Farm |
| 13:28 | Build | Farm |
| 13:30 | Build | Farm |
| 13:38 | Create | Villager (Male) |
| 14:02 | Research | Loom |
| 14:11 | Build | House |
| 15:02 | Research | Feudal Age |
| 16:48 | Build | Lumber Camp |
| 17:12 | Age | Feudal Age |
| 17:40 | Create | Villager (Male) |
| 17:42 | Create | Villager (Male) |
| 17:45 | Research | Double-Bit Axe |
| 17:46 | Research | Horse Collar |
| 17:51 | Build | Barracks |
| 18:02 | Create | Villager (Male) |
| 18:32 | Create | Villager (Male) |
| 18:37 | Build | House |
| 18:43 | Build | Blacksmith |
| 18:46 | Create | Villager (Male) |
| 18:55 | Create | Villager (Male) |
| 19:12 | Create | Villager (Male) |
| 19:24 | Build | Farm |
| 19:29 | Create | Villager (Male) |
| 19:58 | Build | Farm |
| 20:00 | Create | Villager (Male) |
| 20:10 | Create | Villager (Male) |
| 20:25 | Build | House |
| 20:28 | Build | Farm |
| 20:30 | Create | Villager (Male) |
| 20:37 | Build | Farm |
| 20:42 | Build | Farm |
| 20:42 | Create | Villager (Male) |
| 20:56 | Build | Market |
| 21:05 | Build | Farm |
| 21:22 | Create | Villager (Male) |
| 21:32 | Build | Farm |
| 21:45 | Build | Farm |
| 21:47 | Build | Farm |
| 22:06 | Build | Mill |
| 22:17 | Build | Farm |
| 22:30 | Build | Farm |
| 22:44 | Build | Farm |
| 23:04 | Build | Farm |
| 23:19 | Research | Castle Age |
| 24:12 | Build | Farm |
| 25:59 | Age | Castle Age |
| 26:11 | Build | Town Center |
| 26:47 | Create | Villager (Male) |
| 26:58 | Build | House |
| 26:59 | Build | House |
| 27:12 | Build | House |
| 27:18 | Build | House |
| 27:23 | Build | Stone Wall |
| 27:38 | Build | Stone Wall |
| 27:39 | Build | Stone Wall |
| 27:41 | Build | Stone Wall |
| 27:48 | Build | Stone Wall |
| 27:51 | Build | Stone Wall |
| 27:58 | Build | House |
| 28:00 | Build | House |
| 28:03 | Create | Villager (Male) |
| 28:03 | Create | Villager (Male) |
| 28:20 | Create | Villager (Male) |
| 28:27 | Create | Villager (Male) |
| 28:27 | Create | Villager (Male) |
| 28:27 | Create | Villager (Male) |
| 28:36 | Build | House |
| 28:40 | Build | House |
| 28:43 | Build | Palisade Wall |
| 29:24 | Build | Watch Tower |
| 29:32 | Create | Villager (Male) |
| 29:49 | Create | Spearman |
| 29:49 | Create | Spearman |
| 29:50 | Create | Spearman |
| 29:53 | Build | Barracks |
| 30:11 | Build | Stone Wall |
| 30:13 | Build | Stone Wall |
| 30:52 | Create | Villager (Male) |
| 30:52 | Create | Villager (Male) |
| 30:52 | Create | Villager (Male) |
| 30:52 | Create | Villager (Male) |
| 31:07 | Build | Stone Wall |
| 31:12 | Build | Stone Wall |
| 31:15 | Build | Farm |
| 31:18 | Build | Stone Wall |
| 31:30 | Research | Pikeman (upgrade) |
| 32:17 | Build | Castle |
| 32:29 | Build | Monastery |
| 32:32 | Create | Villager (Male) |
| 32:35 | Create | Villager (Male) |
| 32:36 | Create | Villager (Male) |
| 32:36 | Create | Villager (Male) |
| 33:27 | Research | Imperial Age |
| 33:27 | Research | Imperial Age |
| 33:52 | Create | Villager (Male) |
| 33:52 | Create | Villager (Male) |
| 34:33 | Build | Gate |
| 34:46 | Build | Farm |
| 34:55 | Research | Stone Mining |
| 34:55 | Research | Gold Mining |
| 35:03 | Create | Villager (Male) |
| 35:03 | Create | Villager (Male) |
| 36:37 | Age | Imperial Age |
| 36:52 | Build | University |
| 37:02 | Build | Feitoria |
| 37:17 | Build | Feitoria |
| 37:29 | Build | House |
| 37:30 | Build | House |
| 37:31 | Build | House |
| 37:32 | Build | House |
| 37:34 | Build | House |
| 37:35 | Build | House |
| 37:39 | Build | House |
| 37:42 | Build | House |
| 37:46 | Build | House |
| 37:47 | Build | House |
| 37:48 | Build | House |
| 37:49 | Create | Villager (Male) |
| 37:50 | Create | Villager (Male) |
| 37:50 | Create | Villager (Male) |
| 37:50 | Create | Villager (Male) |
| 37:50 | Create | Villager (Male) |
| 37:51 | Create | Villager (Male) |
Build order — Sheelz
First 150 of 608 actions detected
| 0:10 | Build | Town Center |
| 4:21 | Create | Villager (Male) |
| 4:21 | Create | Villager (Male) |
| 4:22 | Create | Villager (Male) |
| 4:22 | Create | Villager (Male) |
| 4:32 | Build | House |
| 4:33 | Build | House |
| 4:34 | Build | House |
| 6:04 | Create | Villager (Male) |
| 6:35 | Build | Mining Camp |
| 6:38 | Create | Villager (Male) |
| 8:04 | Create | Villager (Male) |
| 8:05 | Create | Villager (Male) |
| 8:05 | Create | Villager (Male) |
| 8:46 | Create | Villager (Male) |
| 9:02 | Create | Villager (Male) |
| 9:17 | Create | Villager (Male) |
| 9:28 | Build | Mining Camp |
| 9:56 | Create | Villager (Male) |
| 11:20 | Create | Villager (Male) |
| 11:20 | Create | Villager (Male) |
| 11:20 | Create | Villager (Male) |
| 11:31 | Build | Mill |
| 11:34 | Create | Villager (Male) |
| 11:37 | Build | House |
| 11:38 | Build | House |
| 11:39 | Build | House |
| 11:40 | Build | House |
| 11:40 | Build | House |
| 11:41 | Build | House |
| 12:45 | Create | Villager (Male) |
| 12:45 | Create | Villager (Male) |
| 13:09 | Create | Villager (Male) |
| 14:09 | Create | Villager (Male) |
| 14:10 | Create | Villager (Male) |
| 14:10 | Create | Villager (Male) |
| 15:34 | Research | Feudal Age |
| 15:48 | Build | Lumber Camp |
| 16:48 | Build | Barracks |
| 17:44 | Age | Feudal Age |
| 18:02 | Build | Market |
| 18:10 | Build | Stable |
| 18:27 | Create | Villager (Male) |
| 18:28 | Create | Villager (Male) |
| 18:28 | Create | Villager (Male) |
| 18:28 | Create | Villager (Male) |
| 18:29 | Create | Villager (Male) |
| 18:29 | Create | Villager (Male) |
| 18:29 | Create | Villager (Male) |
| 18:51 | Build | Farm |
| 18:52 | Build | Farm |
| 18:53 | Build | Farm |
| 18:54 | Build | Farm |
| 18:58 | Build | Farm |
| 18:59 | Build | Farm |
| 19:00 | Build | Farm |
| 19:02 | Build | Mill |
| 19:03 | Build | Farm |
| 19:05 | Build | Farm |
| 19:06 | Build | Farm |
| 19:07 | Build | Farm |
| 19:07 | Build | Farm |
| 19:08 | Build | Farm |
| 19:09 | Build | Farm |
| 19:09 | Build | Farm |
| 19:57 | Build | Farm |
| 19:57 | Build | Farm |
| 19:58 | Build | Farm |
| 19:59 | Build | Farm |
| 20:00 | Build | Farm |
| 21:24 | Create | Villager (Male) |
| 21:43 | Create | Villager (Male) |
| 21:45 | Create | Villager (Male) |
| 22:43 | Research | Castle Age |
| 22:50 | Research | Horse Collar |
| 23:16 | Research | Double-Bit Axe |
| 23:33 | Research | Gold Mining |
| 23:44 | Research | Stone Mining |
| 24:37 | Build | Blacksmith |
| 25:23 | Age | Castle Age |
| 25:28 | Build | Town Center |
| 25:31 | Build | Town Center |
| 25:36 | Build | Town Center |
| 25:41 | Research | Wheelbarrow |
| 25:41 | Research | Loom |
| 25:42 | Research | Town Watch |
| 25:43 | Create | Villager (Male) |
| 25:43 | Create | Villager (Male) |
| 25:54 | Research | Forging |
| 25:54 | Research | Scale Mail Armor |
| 25:55 | Research | Padded Archer Armor |
| 26:26 | Research | Scale Barding Armor |
| 27:08 | Create | Spearman |
| 27:08 | Create | Spearman |
| 27:08 | Create | Spearman |
| 27:29 | Research | Iron Casting |
| 27:36 | Create | Villager (Male) |
| 27:43 | Create | Spearman |
| 28:42 | Create | Spearman |
| 29:24 | Build | Farm |
| 29:26 | Build | Farm |
| 29:30 | Build | Farm |
| 29:37 | Create | Spearman |
| 29:41 | Build | Farm |
| 29:42 | Build | Farm |
| 29:42 | Build | Farm |
| 29:42 | Build | Farm |
| 29:44 | Build | Farm |
| 29:46 | Build | Farm |
| 29:46 | Build | Farm |
| 29:46 | Build | Farm |
| 29:47 | Build | Farm |
| 29:52 | Build | Farm |
| 29:52 | Build | Farm |
| 29:53 | Build | Farm |
| 29:53 | Build | Farm |
| 29:53 | Build | Farm |
| 29:56 | Build | Farm |
| 29:58 | Create | Villager (Male) |
| 29:58 | Create | Villager (Male) |
| 29:58 | Create | Villager (Male) |
| 29:59 | Create | Villager (Male) |
| 30:08 | Create | Spearman |
| 30:17 | Create | Villager (Male) |
| 30:33 | Create | Villager (Male) |
| 30:33 | Create | Villager (Male) |
| 30:34 | Create | Villager (Male) |
| 30:34 | Create | Villager (Male) |
| 30:42 | Build | Stone Wall |
| 30:51 | Build | Stone Wall |
| 30:53 | Build | Stone Wall |
| 31:05 | Research | Pikeman (upgrade) |
| 31:06 | Research | Squires |
| 31:07 | Research | Arson |
| 31:11 | Create | Villager (Male) |
| 31:11 | Create | Villager (Male) |
| 31:25 | Build | University |
| 31:26 | Build | House |
| 31:27 | Build | House |
| 31:31 | Build | House |
| 31:32 | Build | House |
| 31:33 | Build | House |
| 31:34 | Build | House |
| 31:35 | Build | House |
| 31:36 | Build | House |
| 31:37 | Build | House |
| 31:38 | Build | House |
| 31:39 | Build | House |
| 31:41 | Create | Villager (Male) |
| 31:41 | Create | Villager (Male) |
Build order — skipper
First 150 of 707 actions detected
| 1:50 | Build | Town Center |
| 4:24 | Build | House |
| 4:47 | Build | House |
| 5:09 | Create | Villager (Male) |
| 5:09 | Create | Villager (Male) |
| 5:10 | Create | Villager (Male) |
| 5:12 | Create | Villager (Male) |
| 5:13 | Create | Villager (Male) |
| 6:51 | Create | Villager (Male) |
| 7:38 | Build | House |
| 7:44 | Create | Villager (Male) |
| 7:45 | Create | Villager (Male) |
| 7:45 | Create | Villager (Male) |
| 8:06 | Create | Villager (Male) |
| 8:31 | Build | Lumber Camp |
| 8:55 | Create | Villager (Male) |
| 8:55 | Create | Villager (Male) |
| 9:27 | Create | Villager (Male) |
| 10:08 | Build | Mill |
| 10:10 | Create | Villager (Male) |
| 10:11 | Create | Villager (Male) |
| 10:11 | Create | Villager (Male) |
| 10:11 | Create | Villager (Male) |
| 11:25 | Create | Villager (Male) |
| 11:38 | Build | House |
| 11:50 | Create | Villager (Male) |
| 12:10 | Create | Villager (Male) |
| 12:43 | Build | House |
| 12:45 | Build | House |
| 12:48 | Create | Villager (Male) |
| 13:05 | Build | House |
| 13:12 | Create | Villager (Male) |
| 13:37 | Create | Villager (Male) |
| 13:56 | Create | Villager (Male) |
| 14:22 | Create | Villager (Male) |
| 14:34 | Build | Mining Camp |
| 14:39 | Create | Villager (Male) |
| 15:14 | Create | Villager (Male) |
| 15:30 | Build | House |
| 15:32 | Build | House |
| 15:34 | Build | House |
| 15:38 | Create | Villager (Male) |
| 15:55 | Build | Farm |
| 15:56 | Build | Farm |
| 15:59 | Build | Farm |
| 16:00 | Build | Farm |
| 16:04 | Create | Villager (Male) |
| 16:31 | Build | Farm |
| 16:34 | Research | Feudal Age |
| 17:26 | Build | Mining Camp |
| 17:33 | Build | Mining Camp |
| 17:35 | Create | Villager (Male) |
| 18:03 | Research | Loom |
| 18:38 | Age | Feudal Age |
| 18:55 | Create | Villager (Male) |
| 19:26 | Create | Villager (Male) |
| 19:40 | Build | Farm |
| 19:41 | Build | Farm |
| 19:41 | Build | Farm |
| 19:42 | Build | Farm |
| 19:43 | Build | Farm |
| 19:46 | Build | Farm |
| 21:08 | Build | Blacksmith |
| 21:16 | Create | Villager (Male) |
| 21:23 | Create | Villager (Male) |
| 22:18 | Build | Market |
| 22:23 | Create | Villager (Male) |
| 22:25 | Create | Villager (Male) |
| 22:33 | Build | House |
| 22:35 | Build | House |
| 22:36 | Build | House |
| 22:38 | Build | House |
| 22:39 | Build | House |
| 22:44 | Create | Villager (Male) |
| 22:55 | Research | Castle Age |
| 23:05 | Research | Stone Mining |
| 23:26 | Build | Mining Camp |
| 23:46 | Build | Lumber Camp |
| 23:51 | Research | Gold Mining |
| 24:49 | Research | Wheelbarrow |
| 24:49 | Research | Town Watch |
| 25:22 | Age | Castle Age |
| 25:30 | Build | Town Center |
| 26:02 | Research | Double-Bit Axe |
| 26:44 | Create | Villager (Male) |
| 26:44 | Create | Villager (Male) |
| 26:44 | Create | Villager (Male) |
| 27:12 | Build | Town Center |
| 27:16 | Create | Villager (Male) |
| 27:17 | Create | Villager (Male) |
| 27:25 | Research | Horse Collar |
| 27:36 | Create | Villager (Male) |
| 28:01 | Research | Stone Shaft Mining |
| 28:05 | Create | Villager (Male) |
| 28:13 | Create | Villager (Male) |
| 28:13 | Create | Villager (Male) |
| 28:30 | Research | Hand Cart |
| 28:38 | Create | Villager (Male) |
| 29:01 | Build | Castle |
| 29:09 | Create | Villager (Male) |
| 29:20 | Create | Villager (Male) |
| 29:20 | Create | Villager (Male) |
| 29:37 | Build | House |
| 29:42 | Build | House |
| 29:42 | Build | House |
| 29:45 | Build | House |
| 29:45 | Build | House |
| 29:47 | Build | House |
| 29:49 | Build | House |
| 29:52 | Create | Villager (Male) |
| 29:52 | Create | Villager (Male) |
| 30:48 | Build | Farm |
| 30:49 | Build | Farm |
| 30:49 | Build | Farm |
| 30:51 | Build | Farm |
| 30:52 | Build | Farm |
| 30:53 | Build | Farm |
| 30:55 | Create | Villager (Male) |
| 31:10 | Create | Villager (Male) |
| 31:11 | Create | Villager (Male) |
| 31:26 | Research | Bow Saw |
| 31:30 | Create | Villager (Male) |
| 31:35 | Build | Farm |
| 31:35 | Build | Farm |
| 31:36 | Build | Farm |
| 31:55 | Create | Villager (Male) |
| 32:15 | Create | Villager (Male) |
| 32:17 | Create | Villager (Male) |
| 32:29 | Build | Mining Camp |
| 32:30 | Create | Villager (Male) |
| 32:31 | Create | Villager (Male) |
| 32:33 | Create | Villager (Male) |
| 32:55 | Build | Farm |
| 32:55 | Build | Farm |
| 32:56 | Build | Farm |
| 33:02 | Create | Villager (Male) |
| 33:08 | Build | Farm |
| 33:14 | Research | Heavy Plow |
| 33:16 | Create | Villager (Male) |
| 33:18 | Create | Villager (Male) |
| 33:29 | Build | House |
| 33:31 | Build | House |
| 33:32 | Build | House |
| 33:34 | Build | House |
| 33:40 | Build | Stone Wall |
| 33:43 | Build | Gate |
| 33:45 | Build | House |
| 33:47 | Build | House |
| 33:49 | Build | House |
| 33:54 | Build | House |
Build order — darklegend
First 150 of 576 actions detected
| 0:15 | Build | Town Center |
| 2:51 | Research | Loom |
| 2:52 | Create | Villager (Male) |
| 2:52 | Create | Villager (Male) |
| 2:52 | Create | Villager (Male) |
| 2:53 | Create | Villager (Male) |
| 4:23 | Build | House |
| 4:25 | Build | House |
| 4:25 | Build | House |
| 4:26 | Build | House |
| 4:28 | Build | House |
| 6:50 | Create | Villager (Male) |
| 6:50 | Create | Villager (Male) |
| 7:19 | Create | Villager (Male) |
| 7:19 | Create | Villager (Male) |
| 7:46 | Create | Villager (Male) |
| 8:08 | Create | Villager (Male) |
| 8:34 | Create | Villager (Male) |
| 8:35 | Create | Villager (Male) |
| 9:31 | Build | Lumber Camp |
| 9:35 | Create | Villager (Male) |
| 10:07 | Create | Villager (Male) |
| 10:25 | Create | Villager (Male) |
| 10:25 | Create | Villager (Male) |
| 10:35 | Create | Villager (Male) |
| 10:35 | Create | Villager (Male) |
| 10:35 | Create | Villager (Male) |
| 10:36 | Create | Villager (Male) |
| 10:36 | Create | Villager (Male) |
| 11:35 | Create | Villager (Male) |
| 11:35 | Create | Villager (Male) |
| 11:35 | Create | Villager (Male) |
| 13:38 | Build | Mill |
| 13:43 | Create | Villager (Male) |
| 14:21 | Create | Villager (Male) |
| 14:30 | Build | Mill |
| 14:35 | Research | Feudal Age |
| 15:16 | Build | House |
| 15:18 | Build | House |
| 15:18 | Build | House |
| 15:19 | Build | House |
| 16:06 | Create | Villager (Male) |
| 16:06 | Create | Villager (Male) |
| 16:06 | Create | Villager (Male) |
| 16:06 | Create | Villager (Male) |
| 16:06 | Create | Villager (Male) |
| 16:12 | Create | Villager (Male) |
| 16:56 | Age | Feudal Age |
| 17:06 | Research | Double-Bit Axe |
| 17:28 | Build | Stone Wall |
| 17:34 | Research | Horse Collar |
| 19:20 | Build | Mining Camp |
| 19:31 | Build | Gate |
| 19:40 | Create | Villager (Male) |
| 19:41 | Create | Villager (Male) |
| 19:41 | Create | Villager (Male) |
| 20:00 | Build | Farm |
| 20:00 | Build | Farm |
| 20:00 | Build | Farm |
| 20:00 | Build | Farm |
| 20:00 | Build | Farm |
| 20:01 | Build | Farm |
| 20:01 | Build | Farm |
| 20:07 | Build | Farm |
| 20:07 | Build | Farm |
| 20:07 | Build | Farm |
| 20:08 | Build | Farm |
| 20:08 | Build | Farm |
| 20:08 | Build | Farm |
| 20:08 | Build | Farm |
| 20:09 | Build | Farm |
| 20:18 | Build | Barracks |
| 20:21 | Build | Blacksmith |
| 20:35 | Research | Stone Mining |
| 21:38 | Create | Villager (Male) |
| 21:38 | Create | Villager (Male) |
| 21:39 | Create | Villager (Male) |
| 21:39 | Create | Villager (Male) |
| 21:39 | Create | Villager (Male) |
| 21:39 | Create | Villager (Male) |
| 22:00 | Build | Stone Wall |
| 22:03 | Build | Stone Wall |
| 22:21 | Build | Stable |
| 22:42 | Build | Stone Wall |
| 23:02 | Build | Mining Camp |
| 23:11 | Build | Watch Tower |
| 23:13 | Build | Watch Tower |
| 23:20 | Research | Gold Mining |
| 23:46 | Create | Villager (Male) |
| 23:47 | Create | Villager (Male) |
| 23:47 | Create | Villager (Male) |
| 24:10 | Build | Watch Tower |
| 25:04 | Build | Stone Wall |
| 25:13 | Build | Gate |
| 25:34 | Create | Villager (Male) |
| 25:34 | Create | Villager (Male) |
| 25:35 | Create | Villager (Male) |
| 25:35 | Create | Villager (Male) |
| 26:29 | Create | Scout Cavalry |
| 26:29 | Create | Scout Cavalry |
| 26:29 | Create | Scout Cavalry |
| 26:32 | Research | Bloodlines |
| 26:59 | Research | Castle Age |
| 28:41 | Build | Gate |
| 29:03 | Create | Villager (Male) |
| 29:03 | Create | Villager (Male) |
| 29:03 | Create | Villager (Male) |
| 29:04 | Create | Villager (Male) |
| 29:04 | Create | Villager (Male) |
| 29:04 | Create | Villager (Male) |
| 29:19 | Create | Scout Cavalry |
| 29:19 | Create | Scout Cavalry |
| 29:39 | Age | Castle Age |
| 29:43 | Build | Town Center |
| 29:59 | Build | Town Center |
| 30:05 | Research | Heavy Plow |
| 30:07 | Research | Bow Saw |
| 30:12 | Build | Lumber Camp |
| 30:37 | Create | Villager (Male) |
| 30:38 | Create | Villager (Male) |
| 30:38 | Create | Villager (Male) |
| 30:38 | Create | Villager (Male) |
| 30:38 | Create | Villager (Male) |
| 30:56 | Build | Town Center |
| 31:05 | Build | House |
| 31:06 | Build | House |
| 31:07 | Build | House |
| 31:08 | Build | House |
| 31:09 | Build | House |
| 31:10 | Build | House |
| 31:12 | Build | House |
| 31:13 | Build | House |
| 31:42 | Create | Villager (Male) |
| 31:43 | Create | Villager (Male) |
| 31:43 | Create | Villager (Male) |
| 31:43 | Create | Villager (Male) |
| 32:08 | Research | Stone Shaft Mining |
| 32:09 | Research | Gold Shaft Mining |
| 32:30 | Build | University |
| 32:45 | Create | Villager (Male) |
| 32:45 | Create | Villager (Male) |
| 32:45 | Create | Villager (Male) |
| 32:51 | Build | Farm |
| 32:51 | Build | Farm |
| 32:51 | Build | Farm |
| 32:52 | Build | Farm |
| 32:52 | Build | Farm |
| 32:52 | Build | Farm |
| 32:52 | Build | Farm |
| 32:53 | Build | Farm |
Build order — phb.silva
First 150 of 239 actions detected
| 2:31 | Build | Town Center |
| 5:50 | Build | Lumber Camp |
| 5:54 | Create | Villager (Male) |
| 5:55 | Create | Villager (Male) |
| 5:55 | Create | Villager (Male) |
| 5:55 | Create | Villager (Male) |
| 5:55 | Create | Villager (Male) |
| 6:57 | Create | Villager (Male) |
| 6:58 | Create | Villager (Male) |
| 7:30 | Create | Villager (Male) |
| 8:53 | Build | Mill |
| 9:12 | Create | Villager (Male) |
| 9:12 | Create | Villager (Male) |
| 9:42 | Build | Farm |
| 9:53 | Create | Villager (Male) |
| 10:10 | Build | Farm |
| 10:57 | Create | Villager (Male) |
| 11:37 | Build | Farm |
| 12:03 | Build | Farm |
| 12:13 | Build | Farm |
| 12:35 | Build | Farm |
| 12:44 | Build | Farm |
| 14:54 | Research | Feudal Age |
| 15:27 | Create | Villager (Male) |
| 15:27 | Create | Villager (Male) |
| 15:27 | Create | Villager (Male) |
| 15:44 | Build | Barracks |
| 16:04 | Build | Palisade Wall |
| 16:12 | Build | Palisade Wall |
| 16:17 | Build | Palisade Wall |
| 16:25 | Build | Palisade Wall |
| 16:33 | Build | Palisade Wall |
| 17:04 | Age | Feudal Age |
| 17:12 | Build | Mining Camp |
| 17:15 | Create | Villager (Male) |
| 17:15 | Create | Villager (Male) |
| 17:15 | Create | Villager (Male) |
| 17:16 | Create | Villager (Male) |
| 17:16 | Create | Villager (Male) |
| 17:46 | Build | Farm |
| 18:07 | Build | Farm |
| 18:17 | Research | Double-Bit Axe |
| 19:01 | Create | Villager (Male) |
| 19:02 | Create | Villager (Male) |
| 19:02 | Create | Villager (Male) |
| 19:02 | Create | Villager (Male) |
| 19:03 | Create | Villager (Male) |
| 20:20 | Build | Stable |
| 20:23 | Build | Stable |
| 20:27 | Build | Stable |
| 20:30 | Build | Stable |
| 20:33 | Build | Stable |
| 20:57 | Research | Gold Mining |
| 21:06 | Create | Villager (Male) |
| 21:07 | Create | Villager (Male) |
| 21:07 | Create | Villager (Male) |
| 21:07 | Create | Villager (Male) |
| 21:07 | Create | Villager (Male) |
| 21:26 | Build | Farm |
| 21:51 | Build | Farm |
| 22:04 | Build | Farm |
| 22:23 | Build | Farm |
| 22:36 | Research | Horse Collar |
| 23:05 | Create | Scout Cavalry |
| 23:05 | Create | Scout Cavalry |
| 23:26 | Create | Scout Cavalry |
| 23:27 | Create | Scout Cavalry |
| 23:51 | Create | Scout Cavalry |
| 23:51 | Create | Scout Cavalry |
| 24:05 | Build | Farm |
| 24:07 | Build | Farm |
| 24:25 | Build | Farm |
| 24:31 | Create | Scout Cavalry |
| 25:11 | Build | Palisade Gate |
| 27:16 | Build | Mining Camp |
| 27:55 | Build | Market |
| 28:07 | Build | Blacksmith |
| 28:20 | Create | Villager (Male) |
| 28:20 | Create | Villager (Male) |
| 28:21 | Create | Villager (Male) |
| 29:09 | Research | Stone Mining |
| 29:30 | Research | Castle Age |
| 30:17 | Build | Stable |
| 30:19 | Build | Stable |
| 30:21 | Build | Stable |
| 30:35 | Build | Archery Range |
| 30:36 | Build | Archery Range |
| 30:45 | Create | Villager (Male) |
| 30:45 | Create | Villager (Male) |
| 30:46 | Create | Villager (Male) |
| 30:46 | Create | Villager (Male) |
| 31:51 | Research | Bloodlines |
| 32:04 | Create | Scout Cavalry |
| 32:05 | Create | Scout Cavalry |
| 32:05 | Create | Scout Cavalry |
| 32:05 | Create | Scout Cavalry |
| 32:15 | Age | Castle Age |
| 32:21 | Create | Knight |
| 33:07 | Create | Knight |
| 33:07 | Create | Knight |
| 33:07 | Create | Knight |
| 33:55 | Build | Watch Tower |
| 33:57 | Build | Watch Tower |
| 34:28 | Build | Mill |
| 34:48 | Build | Town Center |
| 35:11 | Build | Farm |
| 35:17 | Build | Farm |
| 35:24 | Build | Farm |
| 35:48 | Research | Husbandry |
| 35:48 | Research | Light Cavalry (upgrade) |
| 35:49 | Create | Knight |
| 35:50 | Create | Knight |
| 35:52 | Create | Scout Cavalry |
| 35:52 | Create | Scout Cavalry |
| 35:52 | Create | Scout Cavalry |
| 39:17 | Create | Knight |
| 39:17 | Create | Knight |
| 39:18 | Create | Knight |
| 39:18 | Create | Knight |
| 39:18 | Create | Knight |
| 39:18 | Create | Knight |
| 39:21 | Create | Scout Cavalry |
| 39:21 | Create | Scout Cavalry |
| 39:21 | Create | Scout Cavalry |
| 39:21 | Create | Scout Cavalry |
| 39:22 | Create | Scout Cavalry |
| 39:22 | Create | Scout Cavalry |
| 39:22 | Create | Scout Cavalry |
| 39:23 | Create | Scout Cavalry |
| 39:23 | Create | Scout Cavalry |
| 40:32 | Create | Knight |
| 41:50 | Create | Spearman |
| 41:50 | Create | Spearman |
| 41:51 | Create | Spearman |
| 41:51 | Create | Spearman |
| 41:58 | Create | Archer |
| 43:44 | Build | Watch Tower |
| 43:45 | Build | Watch Tower |
| 43:47 | Build | Watch Tower |
| 43:49 | Build | Watch Tower |
| 44:31 | Build | Gate |
| 47:43 | Build | Siege Workshop |
| 48:18 | Create | Scorpion |
| 48:18 | Create | Scorpion |
| 48:18 | Create | Scorpion |
| 48:18 | Create | Scorpion |
| 48:19 | Create | Scorpion |
| 48:19 | Create | Scorpion |
| 48:19 | Create | Scorpion |
| 48:48 | Create | Villager (Male) |
Build order — NoobDeElite7101
First 150 of 529 actions detected
| 0:27 | Build | Town Center |
| 3:35 | Create | Villager (Male) |
| 3:35 | Create | Villager (Male) |
| 3:36 | Create | Villager (Male) |
| 3:36 | Create | Villager (Male) |
| 3:36 | Create | Villager (Male) |
| 3:36 | Create | Villager (Male) |
| 4:02 | Research | Loom |
| 5:35 | Create | Villager (Male) |
| 5:35 | Create | Villager (Male) |
| 5:52 | Create | Villager (Male) |
| 5:52 | Create | Villager (Male) |
| 6:24 | Create | Villager (Male) |
| 6:24 | Create | Villager (Male) |
| 6:44 | Build | Lumber Camp |
| 6:47 | Create | Villager (Male) |
| 6:48 | Create | Villager (Male) |
| 7:16 | Create | Villager (Male) |
| 7:16 | Create | Villager (Male) |
| 7:16 | Create | Villager (Male) |
| 7:51 | Create | Villager (Male) |
| 7:52 | Create | Villager (Male) |
| 8:14 | Create | Villager (Male) |
| 8:15 | Create | Villager (Male) |
| 8:54 | Create | Villager (Male) |
| 8:55 | Create | Villager (Male) |
| 9:36 | Build | Mill |
| 9:45 | Create | Villager (Male) |
| 9:45 | Create | Villager (Male) |
| 9:45 | Create | Villager (Male) |
| 10:08 | Create | Villager (Male) |
| 10:08 | Create | Villager (Male) |
| 10:08 | Create | Villager (Male) |
| 10:09 | Create | Villager (Male) |
| 10:45 | Create | Villager (Male) |
| 10:45 | Create | Villager (Male) |
| 11:10 | Create | Villager (Male) |
| 11:11 | Create | Villager (Male) |
| 11:11 | Create | Villager (Male) |
| 11:33 | Create | Villager (Male) |
| 11:33 | Create | Villager (Male) |
| 13:25 | Build | Mining Camp |
| 13:53 | Research | Feudal Age |
| 14:02 | Build | Barracks |
| 15:22 | Build | Mining Camp |
| 16:03 | Create | Villager (Male) |
| 16:04 | Create | Villager (Male) |
| 16:04 | Create | Villager (Male) |
| 16:04 | Create | Villager (Male) |
| 16:05 | Create | Villager (Male) |
| 16:25 | Build | Market |
| 16:31 | Build | Stable |
| 17:34 | Build | Farm |
| 17:37 | Build | Farm |
| 17:40 | Build | Farm |
| 17:42 | Build | Farm |
| 17:45 | Build | Farm |
| 18:37 | Build | Farm |
| 18:39 | Build | Farm |
| 18:42 | Build | Farm |
| 18:44 | Build | Farm |
| 18:46 | Build | Farm |
| 18:48 | Build | Farm |
| 18:50 | Build | Farm |
| 19:02 | Build | Stable |
| 19:13 | Research | Castle Age |
| 20:08 | Build | Blacksmith |
| 20:26 | Create | Villager (Male) |
| 20:26 | Create | Villager (Male) |
| 20:26 | Create | Villager (Male) |
| 20:39 | Build | Farm |
| 21:06 | Build | Archery Range |
| 21:14 | Research | Scale Barding Armor |
| 21:57 | Create | Villager (Male) |
| 21:57 | Create | Villager (Male) |
| 21:57 | Create | Villager (Male) |
| 21:57 | Create | Villager (Male) |
| 22:07 | Create | Knight |
| 22:10 | Create | Knight |
| 22:43 | Research | Husbandry |
| 22:56 | Create | Knight |
| 23:29 | Build | Farm |
| 23:31 | Build | Farm |
| 23:34 | Build | Farm |
| 23:36 | Build | Farm |
| 23:50 | Build | Town Center |
| 23:56 | Create | Scout Cavalry |
| 23:59 | Research | Bloodlines |
| 24:28 | Create | Knight |
| 24:48 | Research | Double-Bit Axe |
| 24:51 | Research | Horse Collar |
| 25:18 | Create | Knight |
| 25:21 | Create | Knight |
| 25:51 | Create | Knight |
| 25:54 | Create | Knight |
| 26:02 | Create | Scout Cavalry |
| 26:43 | Create | Villager (Male) |
| 26:44 | Create | Villager (Male) |
| 26:46 | Create | Villager (Male) |
| 26:46 | Create | Villager (Male) |
| 26:55 | Create | Villager (Male) |
| 26:56 | Create | Villager (Male) |
| 28:23 | Create | Villager (Male) |
| 28:23 | Create | Villager (Male) |
| 28:25 | Create | Villager (Male) |
| 28:26 | Create | Villager (Male) |
| 29:18 | Build | Farm |
| 29:21 | Build | Farm |
| 29:23 | Build | Farm |
| 29:25 | Build | Farm |
| 29:26 | Build | Farm |
| 29:29 | Build | Farm |
| 29:31 | Build | Farm |
| 29:33 | Build | Farm |
| 29:35 | Build | Farm |
| 29:36 | Build | Farm |
| 29:40 | Create | Villager (Male) |
| 29:40 | Create | Villager (Male) |
| 29:41 | Create | Villager (Male) |
| 29:41 | Create | Villager (Male) |
| 29:41 | Create | Villager (Male) |
| 29:42 | Create | Villager (Male) |
| 29:42 | Create | Villager (Male) |
| 29:43 | Create | Villager (Male) |
| 29:43 | Create | Villager (Male) |
| 29:43 | Create | Villager (Male) |
| 29:44 | Create | Villager (Male) |
| 29:44 | Create | Villager (Male) |
| 29:45 | Create | Villager (Male) |
| 29:45 | Create | Villager (Male) |
| 30:32 | Create | Villager (Male) |
| 30:32 | Create | Villager (Male) |
| 30:32 | Create | Villager (Male) |
| 30:34 | Create | Villager (Male) |
| 30:35 | Create | Villager (Male) |
| 32:00 | Build | Farm |
| 32:02 | Build | Farm |
| 32:02 | Build | Farm |
| 32:10 | Build | Castle |
| 32:37 | Build | Mining Camp |
| 32:54 | Research | Heavy Plow |
| 32:58 | Create | Villager (Male) |
| 32:58 | Create | Villager (Male) |
| 32:58 | Create | Villager (Male) |
| 33:00 | Create | Villager (Male) |
| 33:00 | Create | Villager (Male) |
| 33:00 | Create | Villager (Male) |
| 33:05 | Create | Villager (Male) |
| 33:05 | Create | Villager (Male) |
| 33:12 | Create | Cavalry Archer |
Build order — MANIACO DO PARQUE BARIGUI
First 150 of 691 actions detected
| 0:40 | Build | Town Center |
| 0:48 | Build | House |
| 2:56 | Build | House |
| 2:57 | Build | House |
| 3:39 | Create | Villager (Male) |
| 3:39 | Create | Villager (Male) |
| 3:39 | Create | Villager (Male) |
| 3:39 | Create | Villager (Male) |
| 3:49 | Create | Villager (Male) |
| 3:55 | Build | House |
| 4:08 | Research | Loom |
| 4:29 | Create | Villager (Male) |
| 4:30 | Create | Villager (Male) |
| 4:30 | Create | Villager (Male) |
| 4:54 | Build | Mill |
| 5:21 | Create | Villager (Male) |
| 6:05 | Create | Villager (Male) |
| 6:37 | Create | Villager (Male) |
| 7:17 | Create | Villager (Male) |
| 7:28 | Create | Villager (Male) |
| 7:46 | Create | Villager (Male) |
| 8:23 | Create | Villager (Male) |
| 8:34 | Create | Villager (Male) |
| 8:56 | Create | Villager (Male) |
| 9:06 | Create | Villager (Male) |
| 9:24 | Create | Villager (Male) |
| 9:30 | Create | Villager (Male) |
| 9:42 | Build | Lumber Camp |
| 10:23 | Create | Villager (Male) |
| 10:28 | Create | Villager (Male) |
| 10:58 | Create | Villager (Male) |
| 11:03 | Create | Villager (Male) |
| 11:04 | Create | Villager (Male) |
| 12:02 | Research | Feudal Age |
| 12:51 | Build | Lumber Camp |
| 13:41 | Build | Farm |
| 13:46 | Build | Farm |
| 14:07 | Age | Feudal Age |
| 14:59 | Build | Market |
| 15:35 | Build | Blacksmith |
| 16:35 | Build | House |
| 16:44 | Research | Castle Age |
| 16:46 | Research | Double-Bit Axe |
| 16:47 | Research | Horse Collar |
| 16:56 | Build | House |
| 17:27 | Build | Barracks |
| 17:42 | Research | Forging |
| 18:04 | Build | Farm |
| 18:06 | Build | Farm |
| 18:11 | Build | Farm |
| 18:15 | Build | Farm |
| 18:31 | Build | House |
| 18:32 | Build | House |
| 18:34 | Build | House |
| 18:52 | Build | Palisade Wall |
| 18:56 | Build | Palisade Gate |
| 19:03 | Build | House |
| 19:09 | Age | Castle Age |
| 19:29 | Create | Villager (Male) |
| 19:29 | Create | Villager (Male) |
| 19:30 | Create | Villager (Male) |
| 20:00 | Build | Town Center |
| 20:07 | Create | Villager (Male) |
| 20:32 | Build | House |
| 20:34 | Build | House |
| 20:35 | Build | House |
| 20:58 | Build | House |
| 21:00 | Build | House |
| 21:03 | Build | Stone Wall |
| 21:04 | Build | Gate |
| 21:06 | Create | Villager (Male) |
| 21:07 | Create | Villager (Male) |
| 21:14 | Build | Mining Camp |
| 21:24 | Create | Villager (Male) |
| 21:53 | Build | Stone Wall |
| 21:55 | Build | Gate |
| 22:04 | Build | Farm |
| 22:06 | Build | Farm |
| 22:09 | Create | Villager (Male) |
| 22:16 | Build | Farm |
| 22:42 | Build | Farm |
| 22:47 | Build | Farm |
| 22:48 | Create | Villager (Male) |
| 22:49 | Create | Villager (Male) |
| 23:09 | Build | Farm |
| 23:11 | Build | Farm |
| 23:13 | Build | Farm |
| 23:15 | Build | Farm |
| 23:17 | Build | Farm |
| 23:19 | Build | Farm |
| 23:32 | Create | Villager (Male) |
| 23:32 | Create | Villager (Male) |
| 23:32 | Create | Villager (Male) |
| 24:12 | Build | Town Center |
| 24:19 | Create | Villager (Male) |
| 24:23 | Create | Villager (Male) |
| 24:24 | Create | Villager (Male) |
| 24:30 | Build | Lumber Camp |
| 24:39 | Build | Lumber Camp |
| 24:46 | Research | Town Watch |
| 25:14 | Build | House |
| 25:16 | Build | House |
| 25:18 | Build | House |
| 25:20 | Build | Stone Wall |
| 25:22 | Build | Gate |
| 25:35 | Create | Villager (Male) |
| 25:53 | Build | Stable |
| 26:01 | Build | House |
| 26:43 | Research | Scale Barding Armor |
| 27:20 | Research | Wheelbarrow |
| 27:49 | Create | Villager (Male) |
| 27:50 | Create | Villager (Male) |
| 27:56 | Build | Stable |
| 28:24 | Research | Bow Saw |
| 28:38 | Build | Stable |
| 29:23 | Create | Villager (Male) |
| 29:24 | Create | Villager (Male) |
| 29:27 | Build | Town Center |
| 29:42 | Create | Villager (Male) |
| 29:46 | Build | Stable |
| 29:47 | Build | Stable |
| 29:57 | Create | Villager (Male) |
| 30:00 | Create | Villager (Male) |
| 30:15 | Build | Town Center |
| 30:27 | Build | Farm |
| 30:35 | Build | Farm |
| 30:48 | Build | Farm |
| 31:14 | Build | Town Center |
| 31:23 | Create | Villager (Male) |
| 31:23 | Create | Villager (Male) |
| 31:24 | Create | Villager (Male) |
| 31:24 | Create | Villager (Male) |
| 31:28 | Create | Villager (Male) |
| 31:46 | Build | Farm |
| 31:47 | Build | Farm |
| 31:48 | Build | Farm |
| 31:49 | Build | Farm |
| 32:04 | Build | Mining Camp |
| 32:06 | Research | Gold Mining |
| 32:22 | Create | Villager (Male) |
| 32:22 | Create | Villager (Male) |
| 32:22 | Create | Villager (Male) |
| 32:46 | Build | Stable |
| 32:47 | Build | Stable |
| 33:09 | Create | Knight |
| 33:09 | Create | Knight |
| 33:09 | Create | Knight |
| 33:32 | Create | Knight |
| 33:43 | Build | Farm |
| 33:59 | Create | Villager (Male) |
Build order — alexsacmed
First 150 of 707 actions detected
| 0:38 | Build | Town Center |
| 3:00 | Build | House |
| 3:02 | Build | House |
| 3:03 | Create | Villager (Male) |
| 3:03 | Create | Villager (Male) |
| 3:04 | Create | Villager (Male) |
| 3:04 | Create | Villager (Male) |
| 3:04 | Create | Villager (Male) |
| 4:09 | Research | Loom |
| 4:42 | Create | Villager (Male) |
| 4:42 | Create | Villager (Male) |
| 4:42 | Create | Villager (Male) |
| 4:52 | Create | Villager (Male) |
| 4:52 | Create | Villager (Male) |
| 5:47 | Build | Settlement |
| 5:48 | Create | Villager (Male) |
| 5:48 | Create | Villager (Male) |
| 5:48 | Create | Villager (Male) |
| 6:14 | Create | Villager (Male) |
| 6:15 | Create | Villager (Male) |
| 7:22 | Create | Villager (Male) |
| 7:23 | Create | Villager (Male) |
| 7:27 | Create | Villager (Male) |
| 8:24 | Create | Villager (Male) |
| 8:24 | Create | Villager (Male) |
| 8:25 | Create | Villager (Male) |
| 8:25 | Create | Villager (Male) |
| 8:56 | Build | Settlement |
| 8:57 | Create | Villager (Male) |
| 8:58 | Create | Villager (Male) |
| 8:58 | Create | Villager (Male) |
| 8:58 | Create | Villager (Male) |
| 10:32 | Create | Villager (Male) |
| 10:32 | Create | Villager (Male) |
| 11:01 | Create | Villager (Male) |
| 11:59 | Research | Feudal Age |
| 12:57 | Build | Barracks |
| 14:11 | Build | Settlement |
| 14:26 | Build | House |
| 14:30 | Create | Unit 2550 |
| 14:51 | Create | Villager (Male) |
| 14:51 | Create | Villager (Male) |
| 15:09 | Build | Blacksmith |
| 15:12 | Build | Market |
| 15:43 | Create | Villager (Male) |
| 15:43 | Create | Villager (Male) |
| 17:15 | Create | Villager (Male) |
| 17:34 | Create | Villager (Male) |
| 17:34 | Create | Villager (Male) |
| 20:36 | Research | Castle Age |
| 23:16 | Research | Horse Collar |
| 23:22 | Research | Double-Bit Axe |
| 23:33 | Create | Villager (Male) |
| 23:33 | Create | Villager (Male) |
| 23:33 | Create | Villager (Male) |
| 23:34 | Create | Villager (Male) |
| 24:27 | Build | House |
| 24:29 | Build | House |
| 24:41 | Build | Town Center |
| 24:56 | Research | Bow Saw |
| 25:03 | Research | Gold Mining |
| 25:08 | Create | Villager (Male) |
| 25:09 | Create | Villager (Male) |
| 25:21 | Build | Castle |
| 25:31 | Build | Castle |
| 26:32 | Create | Villager (Male) |
| 27:19 | Create | Villager (Male) |
| 27:19 | Create | Villager (Male) |
| 27:19 | Create | Villager (Male) |
| 27:20 | Create | Villager (Male) |
| 27:24 | Create | Villager (Male) |
| 27:25 | Create | Villager (Male) |
| 27:42 | Build | House |
| 27:58 | Build | Monastery |
| 28:00 | Build | University |
| 28:13 | Research | Fletching |
| 28:49 | Create | Unit 2579 |
| 28:50 | Create | Unit 2579 |
| 28:50 | Create | Unit 2579 |
| 29:02 | Create | Villager (Male) |
| 29:02 | Create | Villager (Male) |
| 29:16 | Research | Heavy Plow |
| 29:22 | Build | Farm |
| 29:23 | Build | Farm |
| 29:25 | Build | Farm |
| 29:26 | Build | Farm |
| 29:27 | Build | Farm |
| 29:35 | Build | Farm |
| 29:47 | Build | Farm |
| 29:48 | Build | Farm |
| 29:49 | Build | Farm |
| 30:08 | Research | Ballistics |
| 30:11 | Create | Unit 2579 |
| 30:11 | Create | Unit 2579 |
| 30:11 | Create | Unit 2579 |
| 30:12 | Create | Unit 2579 |
| 30:12 | Create | Unit 2579 |
| 30:12 | Create | Unit 2579 |
| 30:19 | Research | Pikeman (upgrade) |
| 30:36 | Build | Town Center |
| 30:57 | Research | Padded Archer Armor |
| 31:19 | Create | Unit 2579 |
| 31:19 | Create | Unit 2579 |
| 31:19 | Create | Unit 2579 |
| 31:19 | Create | Unit 2579 |
| 31:28 | Research | Squires |
| 31:38 | Create | Spearman |
| 32:11 | Create | Villager (Male) |
| 32:12 | Create | Villager (Male) |
| 32:12 | Create | Villager (Male) |
| 32:18 | Build | Farm |
| 32:21 | Build | Farm |
| 32:23 | Build | Farm |
| 32:29 | Build | Farm |
| 32:36 | Create | Villager (Male) |
| 32:37 | Create | Villager (Male) |
| 33:03 | Research | Leather Archer Armor |
| 33:12 | Research | Bodkin Arrow |
| 33:54 | Build | Town Center |
| 34:05 | Build | Stone Wall |
| 34:17 | Build | Stone Wall |
| 34:25 | Build | Stone Wall |
| 34:45 | Create | Villager (Male) |
| 34:46 | Create | Villager (Male) |
| 34:46 | Create | Villager (Male) |
| 34:46 | Create | Villager (Male) |
| 34:46 | Create | Villager (Male) |
| 34:46 | Create | Villager (Male) |
| 34:53 | Build | Farm |
| 34:55 | Build | Farm |
| 34:57 | Build | Farm |
| 34:58 | Build | Farm |
| 35:00 | Build | Farm |
| 35:02 | Build | Farm |
| 35:28 | Create | Villager (Male) |
| 35:28 | Create | Villager (Male) |
| 35:32 | Create | Villager (Male) |
| 35:32 | Create | Villager (Male) |
| 35:34 | Create | Villager (Male) |
| 35:34 | Create | Villager (Male) |
| 36:02 | Build | House |
| 36:03 | Build | House |
| 36:57 | Build | Gate |
| 37:10 | Build | Farm |
| 37:11 | Build | Farm |
| 37:18 | Build | Farm |
| 37:26 | Research | Gold Shaft Mining |
| 37:34 | Research | Stone Mining |
| 38:52 | Build | Settlement |
| 39:07 | Research | Imperial Age |
Match timeline
| 12:57 | alexsacmed · first_building Barracks |
| 14:02 | NoobDeElite7101 · first_building Barracks |
| 14:07 | MANIACO DO PARQUE BARIGUI · age_up feudal |
| 15:44 | phb.silva · first_building Barracks |
| 16:04 | phb.silva · wall_segment Palisade Wall x16 |
| 16:10 | MANIACO DO PARQUE BARIGUI · first_market_sell 100 food |
| 16:12 | phb.silva · wall_segment Palisade Wall x8 |
| 16:17 | phb.silva · wall_segment Palisade Wall x14 |
| 16:25 | phb.silva · wall_segment Palisade Wall x12 |
| 16:31 | NoobDeElite7101 · first_building Stable |
| 16:33 | phb.silva · wall_segment Palisade Wall x7 |
| 16:48 | Sheelz · first_building Barracks |
| 16:56 | darklegend · age_up feudal |
| 17:04 | phb.silva · age_up feudal |
| 17:12 | JONWICK · age_up feudal |
| 17:27 | MANIACO DO PARQUE BARIGUI · first_building Barracks |
| 17:28 | darklegend · wall_segment Stone Wall x19 |
| 17:44 | Sheelz · age_up feudal |
| 17:51 | JONWICK · first_building Barracks |
| 18:10 | Sheelz · first_building Stable |
| 18:38 | skipper · age_up feudal |
| 18:52 | MANIACO DO PARQUE BARIGUI · wall_segment Palisade Wall x8 |
| 19:09 | MANIACO DO PARQUE BARIGUI · age_up castle |
| 20:10 | alexsacmed · first_market_buy 100 food |
| 20:18 | darklegend · first_building Barracks |
| 20:20 | phb.silva · first_building Stable |
| 21:03 | MANIACO DO PARQUE BARIGUI · wall_segment Stone Wall x8 |
| 21:06 | NoobDeElite7101 · first_building Archery Range |
| 21:53 | MANIACO DO PARQUE BARIGUI · wall_segment Stone Wall x5 |
| 22:00 | darklegend · wall_segment Stone Wall x9 |
| 22:03 | darklegend · wall_segment Stone Wall x8 |
| 22:21 | darklegend · first_building Stable |
| 22:42 | darklegend · wall_segment Stone Wall x21 |
| 23:07 | JONWICK · first_market_buy 100 food |
| 25:04 | darklegend · wall_segment Stone Wall x25 |
| 25:20 | MANIACO DO PARQUE BARIGUI · wall_segment Stone Wall x7 |
| 25:21 | alexsacmed · first_building Castle |
| 25:22 | skipper · age_up castle |
| 25:23 | Sheelz · age_up castle |
| 25:53 | MANIACO DO PARQUE BARIGUI · first_building Stable |
| 25:59 | JONWICK · age_up castle |
| 26:38 | skipper · first_market_buy 100 wood |
| 27:23 | JONWICK · wall_segment Stone Wall x3 |
| 27:38 | JONWICK · wall_segment Stone Wall x1 |
| 27:39 | JONWICK · wall_segment Stone Wall x1 |
| 27:41 | JONWICK · wall_segment Stone Wall x1 |
| 27:48 | JONWICK · wall_segment Stone Wall x1 |
| 27:51 | JONWICK · wall_segment Stone Wall x1 |
| 27:58 | alexsacmed · first_building Monastery |
| 28:43 | JONWICK · wall_segment Palisade Wall x1 |
| 29:01 | skipper · first_building Castle |
| 29:39 | darklegend · age_up castle |
| 30:11 | JONWICK · wall_segment Stone Wall x1 |
| 30:13 | JONWICK · wall_segment Stone Wall x1 |
| 30:35 | phb.silva · first_building Archery Range |
| 30:42 | Sheelz · wall_segment Stone Wall x5 |
| 30:51 | Sheelz · wall_segment Stone Wall x14 |
| 30:53 | Sheelz · wall_segment Stone Wall x12 |
| 31:07 | JONWICK · wall_segment Stone Wall x1 |
| 31:12 | JONWICK · wall_segment Stone Wall x1 |
| 31:18 | JONWICK · wall_segment Stone Wall x1 |
| 32:09 | Sheelz · tribute_sent a jugador 2 |
| 32:09 | Sheelz · tribute_sent a jugador 3 |
| 32:09 | Sheelz · tribute_sent a jugador 4 |
| 32:09 | Sheelz · tribute_sent a jugador 5 |
| 32:09 | Sheelz · tribute_sent a jugador 6 |
| 32:09 | Sheelz · tribute_sent a jugador 7 |
| 32:09 | Sheelz · tribute_sent a jugador 8 |
| 32:10 | NoobDeElite7101 · first_building Castle |
| 32:15 | phb.silva · age_up castle |
| 32:17 | JONWICK · first_building Castle |
| 32:29 | JONWICK · first_building Monastery |
| 33:40 | skipper · wall_segment Stone Wall x1 |
| 34:05 | alexsacmed · wall_segment Stone Wall x12 |
| 34:17 | alexsacmed · wall_segment Stone Wall x14 |
| 34:21 | skipper · first_building Monastery |
| 34:25 | alexsacmed · wall_segment Stone Wall x6 |
| 36:30 | darklegend · first_building Castle |
| 36:37 | JONWICK · age_up imperial |
| 37:28 | skipper · wall_segment Stone Wall x8 |
| 37:36 | skipper · wall_segment Stone Wall x15 |
| 37:46 | skipper · wall_segment Stone Wall x7 |
| 38:00 | skipper · wall_segment Stone Wall x17 |
| 38:19 | skipper · wall_segment Stone Wall x9 |
| 38:23 | skipper · wall_segment Stone Wall x5 |
| 38:40 | skipper · first_building Barracks |
| 38:59 | MANIACO DO PARQUE BARIGUI · wall_segment Stone Wall x7 |
| 39:03 | skipper · age_up imperial |
| 39:03 | NoobDeElite7101 · first_building Monastery |
| 40:03 | Sheelz · first_building Castle |
| 40:31 | NoobDeElite7101 · first_market_sell 100 food |
| 40:48 | MANIACO DO PARQUE BARIGUI · first_market_buy 100 stone |
| 40:52 | MANIACO DO PARQUE BARIGUI · first_building Castle |
| 41:48 | JONWICK · first_market_sell 100 food |
| 41:51 | MANIACO DO PARQUE BARIGUI · wall_segment Stone Wall x7 |
| 42:21 | darklegend · age_up imperial |
| 42:59 | alexsacmed · first_market_sell 100 wood |
| 44:13 | skipper · first_building Archery Range |
| 44:47 | MANIACO DO PARQUE BARIGUI · age_up imperial |
| 46:38 | alexsacmed · wall_segment Stone Wall x5 |
| 47:17 | alexsacmed · wall_segment Stone Wall x5 |
| 47:33 | darklegend · first_building Siege Workshop |
| 47:42 | Sheelz · age_up imperial |
| 47:43 | phb.silva · first_building Siege Workshop |
| 48:40 | alexsacmed · wall_segment Stone Wall x6 |
| 48:45 | alexsacmed · wall_segment Stone Wall x5 |
| 49:18 | MANIACO DO PARQUE BARIGUI · first_building Archery Range |
| 50:49 | alexsacmed · first_building Siege Workshop |
| 51:05 | darklegend · first_market_sell 100 food |
| 51:53 | alexsacmed · first_building Archery Range |
| 54:03 | skipper · first_building Stable |
| 54:27 | phb.silva · first_market_buy 100 food |
| 54:31 | phb.silva · first_market_sell 100 food |
| 56:20 | darklegend · first_building Monastery |
| 56:24 | JONWICK · first_building Siege Workshop |
| 59:25 | MANIACO DO PARQUE BARIGUI · first_building Siege Workshop |
| 59:42 | JONWICK · tribute_sent a jugador 1 |
| 59:42 | JONWICK · tribute_sent a jugador 2 |
| 59:42 | JONWICK · tribute_sent a jugador 4 |
| 59:42 | JONWICK · tribute_sent a jugador 5 |
| 59:42 | JONWICK · tribute_sent a jugador 6 |
| 59:42 | JONWICK · tribute_sent a jugador 7 |
| 59:42 | JONWICK · tribute_sent a jugador 8 |
| 67:31 | darklegend · resign |
| 67:33 | alexsacmed · wall_segment Stone Wall x1 |
| 74:45 | alexsacmed · wall_segment Stone Wall x3 |
[ AI ANALYSIS · 1 CREDIT ]
What really happened in this match?
Wolo.gg analyzes every decision: build order, eco, micro, common mistakes by bracket. Personalized analysis on WhatsApp or Discord in 30 seconds.
Civ guide
Portuguese
Map guide
Land Nomad
Perfil
JONWICK